 Dungeon Crawl Stone Soup version 0.20.1-1-g8b1a95d (webtiles) character file.

176888 Linguinho the Stickfighter (level 17, -2/140 HPs)
             Began as a Demonspawn Fighter on Nov 9, 2017.
             Was the Champion of Ashenzari.
             Killed from afar by a merfolk aquamancer (49 damage)
             ... with a shard of ice
             ... on level 4 of the Shoals on Nov 10, 2017.
             The game lasted 01:56:51 (32998 turns).

Linguinho the Stickfighter (Demonspawn Fighter)    Turns: 32998, Time: 01:56:51

Health: -2/140     AC: 25    Str: 23    XL:     17   Next: 24%
Magic:  0/19       EV: 19    Int: 10    God:    Ashenzari [******]
Gold:   872        SH:  0    Dex: 13    Spells: 16/16 levels left

rFire    + + +     SeeInvis +   H - +6 quarterstaff (chaos) (curse)
rCold    . . .     Gourm    .   (shield currently unavailable)
rNeg     . . .     Faith    .   V - +6 chain mail {rF+} (curse)
rPois    +         Spirit   +   (helmet restricted)
rElec    +         Reflect  .   I - +0 cloak (curse)
rCorr    +         Harm     .   a - +0 pair of gloves (curse)
MR       +....     Clarity  +   E - +0 pair of boots (curse)
Stlth    ..........             m - amulet of guardian spirit (curse)
Regen    0.4/turn               D - ring of fire (curse)
MPRegen  0.2/turn               (no ring)

@: lethally poisoned (-2 -> -2), resistant, repel missiles
A: horns 1, talons 2, repulsion field 3, see invisible, demonic guardian 2,
spiny 2, augmentation 1
}: 1/15 runes: serpentine
a: Curse Item, Scrying, Transfer Knowledge, Renounce Religion


You were on level 4 of the Shoals.
You worshipped Ashenzari.
Ashenzari was exalted by your worship.
You were hungry.

You visited 4 branches of the dungeon, and saw 24 of its levels.
You visited 1 bazaar.
You also visited: Sewer and Volcano.

You collected 2114 gold pieces.
You spent 1242 gold pieces at shops.

Inventory:

Hand Weapons
 H - a cursed +6 quarterstaff of chaos (weapon)
Missiles
 j - 3 javelins of penetration (quivered)
Armour
 a - a cursed +0 pair of gloves (worn)
 y - a +2 cloak
 E - a cursed +0 pair of boots (worn)
 I - a cursed +0 cloak (worn)
 J - a +1 shield of reflection
 V - a cursed +6 chain mail of fire resistance (worn)
Jewellery
 m - a cursed amulet of guardian spirit (around neck)
 D - a cursed ring of fire (left hand)
 X - a cursed ring of fire
Wands
 q - a wand of digging (8/24)
 x - a wand of flame (11/48)
 B - a wand of enslavement (8/24)
 L - a wand of acid (5/15)
 Q - a wand of scattershot (3/9)
 R - a wand of polymorph (19/24)
 S - a wand of confusion (27/48)
 T - a wand of digging (13/24)
 W - a wand of flame (26/48)
 Z - a wand of random effects (14/48)
Scrolls
 b - 5 scrolls of fear
 g - 4 scrolls of remove curse
 k - 6 scrolls of teleportation
 o - 3 scrolls of recharging
 p - 5 scrolls of blinking
 s - 4 scrolls of fog
 C - 3 scrolls of magic mapping
 G - a scroll of brand weapon {unknown}
 K - 3 scrolls of immolation
 O - a scroll of silence
 U - a scroll of holy word {unknown}
 Y - a scroll of enchant weapon
Potions
 d - 2 potions of agility
 e - 4 potions of flight
 i - 5 potions of curing
 l - 3 potions of haste {unknown}
 r - 7 potions of resistance
 t - 2 potions of invisibility {unknown}
 u - a potion of magic
 v - 3 potions of brilliance {unknown}
 w - 3 potions of heal wounds
 z - 3 potions of cancellation {unknown}
 A - 2 potions of berserk rage
 M - 2 potions of ambrosia {unknown}
 N - 2 potions of lignification {unknown}
Miscellaneous
 P - a phantom mirror
Comestibles
 f - 17 bread rations
 h - 29 fruits
 n - 20 royal jellies
 F - 6 meat rations


   Skills:
 + Level 14.4 Fighting
   Level 1.0(1.6) Short Blades
   Level 1.9(2.1) Long Blades
   Level 6.1 Axes
 + Level 15.7(20.9) Staves
 + Level 1.4 Throwing
 + Level 13.4(17.5) Armour
 * Level 12.9 Dodging
 - Level 1.1 Stealth
 + Level 5.0 Shields
 + Level 3.8(6.5) Evocations


You had 16 spell levels left.
You didn't know any spells.

Dungeon Overview and Level Annotations

Branches:
Dungeon (10/15)            Temple (0/1) D:6            Lair (6/6) D:9
 Shoals (4/4) Lair:3        Snake (4/4) Lair:3        Slime (0/5) Lair:5
    Orc (0/2) D:10

Altars:
Ashenzari
Dithmenos
Gozag
Hepliaklqana
Kikubaaqudgha
Nemelex Xobeh
Okawaru
Ru
Trog
Yredelemnul
Zin
Jiyva

Shops:
Snake:1 }


Innate Abilities, Weirdness & Mutations

You have razor-sharp toenails.
You are surrounded by a strong repulsion field. (EV +4, RMsl)
A demonic guardian rushes to your aid.
You are mostly covered in sharp spines.
Your magical and physical power is slightly enhanced at high health.
You have a pair of small horns on your head.
You have supernaturally acute eyesight. (SInv)


Message History

The merfolk javelineer throws a steel javelin.
The steel javelin misses you.
The merfolk aquamancer is engulfed in a cloud of scalding steam.
The merfolk javelineer is no longer moving slowly.
The merfolk aquamancer points at you and mumbles some strange words.
The ball of steam misses you.
You enter the shallow water.
Moving in this stuff is going to be slow.
You feel sick.
The merfolk aquamancer is engulfed in a cloud of scalding steam.
The merfolk aquamancer gestures at you while chanting.
The ball of steam hits you! You resist.
You feel sick.
The merfolk throws a tomahawk.
The tomahawk closely misses you.
The merfolk aquamancer gestures at you while chanting.
The shard of ice is repelled.
You feel sick.
The merfolk aquamancer gestures at you while chanting.
The shard of ice hits you!
You die...

≈≈≈≈≈≈.#...$##{{≈≈≈≈≈≈≈≈≈≈≈≈≈≈≈
≈≈≈≈≈≈≈#≈#≈≈≈≈##mm..≈≈≈≈≈≈≈≈≈≈≈≈
≈≈≈≈≈≈≈≈#≈≈≈#m≈##....≈≈≈≈≈≈....≈
≈≈≈≈≈≈≈#≈
≈≈≈≈#..#m...≈≈≈≈.≈≈...≈ ≈≈≈≈≈#
≈≈m#≈..#....≈≈≈≈≈.≈..≈≈
≈≈≈≈≈≈*≈≈ ≈#≈...#....≈≈≈≈≈..≈≈≈≈
≈ ≈≈≈≈ *≈≈*≈..#......≈≈≈≈≈≈≈≈≈≈<
≈ ≈ ≈ * ≈≈,#.#....≈≈≈≈≈≈≈≈≈≈≈≈ ≈
≈ **≈ ..#@.(.≈≈≈≈≈≈≈≈≈≈≈≈≈ ≈≈ ≈
≈≈* ##.....≈≈≈≈≈≈≈≈≈≈≈≈≈≈ ≈≈ ≈ ≈
≈≈≈≈..≈≈≈≈≈≈≈≈≈≈≈≈≈≈≈≈ ≈≈≈ ≈≈
≈≈≈≈≈≈≈≈≈≈≈≈≈≈≈≈≈≈≈≈≈≈≈≈≈ ≈≈≈ ≈
≈≈≈≈≈≈≈≈≈≈≈≈≈≈≈≈≈≈≈≈≈≈≈≈ ≈≈
≈≈≈≈≈≈≈≈≈≈≈≈≈≈≈≈≈≈≈≈≈≈≈≈≈ ≈≈≈ ≈≈
≈≈≈≈≈≈≈≈≈≈≈≈≈≈≈≈≈≈≈≈≈≈≈≈ ≈ ≈≈≈≈≈
≈≈≈≈≈≈≈≈≈≈≈≈≈≈≈≈≈≈≈≈≈≈≈≈ ** *
***** * * * ***#########


You could see a merfolk aquamancer and a merfolk.

Vanquished Creatures
  7 nagarajas
  Ilsuiw (Shoals:4)
  A fire dragon (Lair:6)
  5 merfolk impalers
  2 hydras
  15 naga warriors
  2 catoblepae (Lair:6)
  4 anacondas
  4 merfolk avatars
  A two-headed ogre (D:10)
  4 merfolk aquamancers
  13 naga sharpshooters
  The ghost of lorenzova the Thaumaturge, a journeyman DECj of Vehumet (D:10)
  5 shock serpents
  A salamander mystic (Snake:4)
  7 sea snakes
  A swamp dragon (Lair:6)
  An unseen horror (D:10)
  Pikel (D:7)
  8 naga ritualists
  10 mana vipers
  21 harpies
  5 fauns
  3 cyclopes (Shoals:1)
  20 salamanders
  2 elephants (Lair:6)
  4 water nymphs
  12 manticores
  33 black mambas
  5 guardian serpents
  6 merfolk sirens
  28 naga magi
  2 molten gargoyles (Volcano)
  A spiny frog (shapeshifter) (Snake:3)
  6 spiny frogs
  4 torpor snails (Lair:6)
  6 komodo dragons
  6 rime drakes
  2 efreet (Volcano)
  16 merfolk
  2 polar bears (Lair:3)
  6 hornets (Lair:6)
  A troll (D:9)
  5 wind drakes
  3 tyrant leeches (Lair:6)
  8 blink frogs
  12 hippogriffs
  6 snapping turtles
  15 water elementals
  2 wyverns (D:9)
  A human (shapeshifter) (Lair:1)
  A basilisk (Lair:3)
  25 yaks
  3 fire elementals (Volcano)
  Grum (D:9)
  A hungry ghost (D:7)
  2 steam dragons (Lair:6)
  An acid dragon (Lair:6)
  42 nagas
  6 porcupines
  16 water moccasins
  A hell hound (D:9)
  A swamp drake (Lair:6)
  An orc warrior (D:10)
  A slave (D:7)
  2 phantoms
  7 wolves
  An ogre (D:5)
  7 centaurs
  9 crocodiles
  3 big kobolds (Sewer)
  4 gnoll sergeants (D:9)
  9 bullfrogs
  An earth elemental (Volcano)
  2 scorpions (D:10)
  2 howler monkeys
  3 crimson imps
  2 quasits
  3 jellies
  4 orc priests
  Crazy Yiuf (D:5)
  10 hounds
  A gnoll shaman (D:9)
  A bullfrog skeleton (D:7)
  4 iguanas
  2 centaur skeletons
  Ijyb (D:3)
  6 orc wizards
  10 worker ants
  A killer bee zombie (D:5)
  A howler monkey zombie (D:10)
  17 adders
  15 gnolls (D:9)
  2 shadow imps
  An ooze (D:3)
  2 adder zombies
  6 worms
  5 dart slugs
  5 leopard geckos
  23 orcs
  14 bats
  11 giant cockroaches
  13 goblins
  10 hobgoblins
  13 jackals
  2 quokkas (D:5)
  A ball python (D:1)
  8 frilled lizards
  21 kobolds
  A leopard gecko zombie (D:8)
  20 rats
  A fungus (D:5)
  A plant (Lair:6)
728 creatures vanquished.

Vanquished Creatures (collateral kills)
  The ghost of gagarinx the Slayer, an adept MiFi of Okawaru (Shoals:2)
  2 nagarajas (Snake:4)
  A stone giant (Shoals:1)
  2 hydras
  An ice dragon (Lair:6)
  3 naga warriors
  An anaconda (Snake:3)
  A merfolk aquamancer (Shoals:3)
  A two-headed ogre (D:8)
  The ghost of Quirk the Carver, a novice DsFi of Okawaru (D:8)
  4 naga sharpshooters (Snake:4)
  A shock serpent (Snake:2)
  A sea snake (Shoals:3)
  2 naga ritualists (Snake:4)
  2 harpies
  3 lindwurms
  A faun (Shoals:3)
  3 salamanders
  An elephant (Lair:6)
  A merfolk siren (Shoals:3)
  A guardian serpent (Snake:4)
  A centaur zombie (D:10)
  A torpor snail (Lair:6)
  6 black mambas
  8 naga magi
  2 molten gargoyles (Volcano)
  2 komodo dragons
  A rime drake (Lair:6)
  A tyrant leech (Lair:6)
  A hornet (D:9)
  A polar bear (Snake:2)
  3 merfolk (Shoals:1)
  Grinder (D:3)
  2 blink frogs
  2 hippogriffs (D:8)
  Sigmund (D:6)
  11 yaks
  2 water elementals
  A fire elemental (Volcano)
  2 basilisks (Lair:3)
  15 nagas
  A soldier ant (D:10)
  A hell hound (D:9)
  Duvessa (D:5)
  The ghost of Schiappus the Chopper, an amateur TrBe of Trog (D:3)
  A black bear (Lair:4)
  An ogre (D:9)
  A phantom (D:5)
  A centaur (D:8)
  A crocodile (Lair:6)
  An earth elemental (Volcano)
  Dowan (D:5)
  A scorpion (D:7)
  A jelly (D:5)
  A bullfrog skeleton (D:3)
  A gnoll (D:9)
  2 orcs (D:8)
115 creatures vanquished.

Vanquished Creatures (others)
  An unseen horror (D:10)
  A black mamba (Lair:6)
  A naga mage (Snake:3)
  A slave (D:7)
  2 fire vortices (Volcano)
  22 plants
28 creatures vanquished.

Grand Total: 871 creatures vanquished

Notes
Turn   | Place    | Note
-------+----------+-------------------------------------------
     0 | D:1      | Linguinho the Demonspawn Fighter began the quest for the Orb.
     0 | D:1      | Reached XP level 1. HP: 18/18 MP: 1/1
   205 | D:1      | Gained mutation: You are surrounded by a mild repulsion field. (EV +2) [demonic ancestry]
   205 | D:1      | Reached XP level 2. HP: 18/24 MP: 2/2
   541 | D:1      | Gained mutation: A weak demonic guardian rushes to your aid. [demonic ancestry]
   541 | D:1      | Reached XP level 3. HP: 24/29 MP: 3/3
  1044 | D:2      | Reached XP level 4. HP: 22/35 MP: 1/4
  1549 | D:2      | Found a shattered altar of Ashenzari.
  1552 | D:2      | Became a worshipper of Ashenzari the Shackled
  1774 | D:2      | Found an ancient bone altar of Kikubaaqudgha.
  2069 | D:3      | Found an opulent altar of Gozag.
  2101 | D:3      | Noticed Schiappus's ghost (amateur TrBe)
  2123 | D:3      | Killed Schiappus's ghost
  2123 | D:3      | Gained mutation: You are partially covered in sharp spines. [demonic ancestry]
  2123 | D:3      | Reached XP level 5. HP: 21/42 MP: 2/5
  2391 | D:3      | Noticed a moth of wrath
  2395 | D:3      | Found a bloodstained altar of Trog.
  2608 | D:3      | Reached skill level 1 in Dodging
  2608 | D:3      | Reached skill level 1 in Stealth
  2735 | D:3      | Noticed Grinder
  2741 | D:3      | Paralysed by Grinder for 3 turns
  2754 | D:3      | Killed Grinder
  2754 | D:3      | Gained mutation: A demonic guardian rushes to your aid. [demonic ancestry]
  2754 | D:3      | Reached XP level 6. HP: 20/48 MP: 3/6
  3043 | D:3      | Noticed Ijyb
  3065 | D:3      | Killed Ijyb
  3643 | D:4      | Gained mutation: You are surrounded by a moderate repulsion field. (EV +3) [demonic ancestry]
  3643 | D:4      | Reached XP level 7. HP: 47/54 MP: 5/7
  3657 | D:4      | Reached * piety under Ashenzari
  4426 | D:4      | Found a sparkling altar of Nemelex Xobeh.
  4457 | D:5      | Entered Level 5 of the Dungeon
  4528 | D:5      | Found a glowing drain.
  4536 | Sewer    | Entered a sewer
  4571 | Sewer    | Reached skill level 5 in Axes
  4853 | D:5      | Reached XP level 8. HP: 60/61 MP: 6/8
  4860 | D:5      | Found a sacrificial altar of Ru.
  4931 | D:5      | Noticed Dowan
  4932 | D:5      | Noticed Duvessa
  4935 | D:5      | Killed Duvessa
  4937 | D:5      | Killed Dowan
  4937 | D:5      | Reached skill level 5 in Armour
  5448 | D:5      | Reached skill level 1 in Long Blades
  5541 | D:5      | Found a runed door.
  5545 | D:5      | Noticed Crazy Yiuf
  5550 | D:5      | Killed Crazy Yiuf
  5622 | D:6      | Reached ** piety under Ashenzari
  5628 | D:6      | Noticed Sigmund
  5635 | D:6      | Killed Sigmund
  5649 | D:6      | Reached skill level 5 in Fighting
  5751 | D:6      | Reached skill level 5 in Shields
  5774 | D:6      | Reached skill level 1 in Staves
  5937 | D:6      | Reached skill level 1 in Short Blades
  6053 | D:6      | Found a basalt altar of Yredelemnul.
  6093 | D:6      | Found a staircase to the Ecumenical Temple.
  6277 | D:6      | Gained mutation: You have sharp toenails. [demonic ancestry]
  6277 | D:6      | Reached XP level 9. HP: 62/68 MP: 9/9
  6734 | D:7      | Noticed Pikel
  6747 | D:7      | Killed Pikel
  6747 | D:7      | Reached skill level 3 in Staves
  7051 | D:7      | Found a glowing silver altar of Zin.
  7077 | D:7      | Reached *** piety under Ashenzari
  7379 | D:8      | Noticed a two-headed ogre
  7382 | D:8      | Reached skill level 4 in Staves
  7388 | D:8      | Killed a two-headed ogre
  7535 | D:8      | Found an iron altar of Okawaru.
  7780 | D:8      | Reached skill level 5 in Staves
  7803 | D:8      | Noticed Quirk's ghost (novice DsFi)
  7812 | D:8      | Killed Quirk's ghost
  7812 | D:8      | Reached XP level 10. HP: 76/76 MP: 10/10
  7890 | D:8      | Reached skill level 5 in Dodging
  8316 | D:9      | Reached **** piety under Ashenzari
  8377 | D:9      | Reached skill level 6 in Staves
  8386 | D:9      | Found a staircase to the Lair.
  8474 | D:9      | Found a glowing silver altar of Zin.
  8543 | D:9      | Found a shadowy altar of Dithmenos.
  8682 | D:9      | Found a hazy altar of Hepliaklqana.
  8765 | D:9      | Noticed Grum
  8770 | D:9      | Killed Grum
  8908 | D:9      | Reached skill level 7 in Staves
  8987 | D:10     | Entered Level 10 of the Dungeon
  9004 | D:10     | Noticed a two-headed ogre
  9022 | D:10     | Killed a two-headed ogre
  9094 | D:10     | Noticed lorenzova's ghost (journeyman DECj)
  9109 | D:10     | Killed lorenzova's ghost
  9175 | D:10     | Gained mutation: You are surrounded by a strong repulsion field. (EV +4, RMsl) [demonic ancestry]
  9175 | D:10     | Reached XP level 11. HP: 72/83 MP: 11/11
  9247 | D:10     | Noticed an unseen horror
  9251 | D:10     | Found a basalt altar of Yredelemnul.
  9253 | D:10     | Banished an unseen horror
  9303 | D:10     | Reached skill level 8 in Staves
  9610 | D:10     | Found a staircase to the Orcish Mines.
  9846 | D:10     | Noticed an unseen horror
  9854 | D:10     | Killed an unseen horror
  9922 | D:10     | Reached ***** piety under Ashenzari
 10006 | Lair:1   | Entered Level 1 of the Lair of Beasts
 10083 | Lair:1   | Found a dark tunnel.
 10095 | Volcano  | Entered a volcano
 10130 | Volcano  | Reached skill level 9 in Staves
 10154 | Volcano  | Noticed a lindwurm
 10154 | Volcano  | Noticed a lindwurm
 10192 | Volcano  | Killed a lindwurm
 10196 | Volcano  | Killed a lindwurm
 10901 | Lair:1   | Noticed a seven-headed hydra
 10909 | Lair:1   | Killed a seven-headed hydra
 11004 | Lair:1   | Noticed an eight-headed hydra
 11012 | Lair:1   | Killed an eight-headed hydra
 11012 | Lair:1   | Reached skill level 10 in Staves
 11844 | Lair:2   | Reached XP level 12. HP: 80/91 MP: 10/12
 12870 | Lair:3   | Identified the +2 leather armour of the Eternal Void {rPois Str+3}
 12941 | Lair:3   | Found a staircase to the Snake Pit.
 12974 | Lair:3   | Found a staircase to the Shoals.
 13365 | Lair:4   | Reached skill level 11 in Staves
 13678 | Lair:4   | Noticed a seven-headed hydra
 13681 | Lair:4   | Killed a seven-headed hydra
 14202 | Lair:5   | Found a staircase to the Slime Pits.
 14203 | Lair:5   | Found a viscous altar of Jiyva.
 14760 | Lair:6   | Entered Level 6 of the Lair of Beasts
 14841 | Lair:6   | Reached ****** piety under Ashenzari
 14880 | Lair:6   | Reached XP level 13. HP: 98/99 MP: 13/13
 15013 | Lair:6   | Reached skill level 10 in Armour
 15121 | Lair:6   | Identified the +2 robe of Mirth {Slay+3}
 15314 | Lair:6   | Reached skill level 12 in Staves
 15330 | Lair:6   | Noticed a fire dragon
 15719 | Lair:6   | Found a runed door.
 16717 | Lair:6   | Killed a fire dragon
 16899 | Lair:5   | Gained mutation: Your magical capacity is low. (-10% MP) [potion of mutation]
 16899 | Lair:5   | Gained mutation: You passively map a small area around you. [potion of mutation]
 16899 | Lair:5   | Gained mutation: You passively map the area around you. [potion of mutation]
 16900 | Lair:5   | Lost mutation: Your magical capacity is low. (-10% MP) [potion of mutation]
 16900 | Lair:5   | Lost mutation: You passively map the area around you. [potion of mutation]
 16900 | Lair:5   | Lost mutation: You passively map a small area around you. [potion of mutation]
 16900 | Lair:5   | Gained mutation: Armour fits poorly on your strangely shaped body. [potion of mutation]
 16900 | Lair:5   | Gained mutation: You are frail. (-10% HP) [potion of mutation]
 16900 | Lair:5   | Gained mutation: You have razor-sharp toenails. [potion of mutation]
 16900 | Lair:5   | Gained mutation: Your flesh is heat resistant. (rF+) [potion of mutation]
 16901 | Lair:5   | Lost mutation: You have razor-sharp toenails. [potion of mutation]
 16901 | Lair:5   | Lost mutation: You are frail. (-10% HP) [potion of mutation]
 16901 | Lair:5   | Lost mutation: Armour fits poorly on your strangely shaped body. [potion of mutation]
 16901 | Lair:5   | Lost mutation: Your flesh is heat resistant. (rF+) [potion of mutation]
 16901 | Lair:5   | Gained mutation: Your spells are a little harder to cast, but a little more powerful. [potion of mutation]
 16901 | Lair:5   | Gained mutation: You occasionally shout uncontrollably at your foes. [potion of mutation]
 16901 | Lair:5   | Gained mutation: You are weak. (Str -2) [potion of mutation]
 16901 | Lair:5   | Gained mutation: You are resistant to hostile enchantments. (MR+) [potion of mutation]
 16902 | Lair:5   | Lost mutation: You occasionally shout uncontrollably at your foes. [potion of mutation]
 16902 | Lair:5   | Lost mutation: Your spells are a little harder to cast, but a little more powerful. [potion of mutation]
 16902 | Lair:5   | Gained mutation: You are dopey. (Int -2) [potion of mutation]
 16902 | Lair:5   | Gained mutation: You have a pair of small horns on your head. [potion of mutation]
 16902 | Lair:5   | Gained mutation: You passively map a small area around you. [potion of mutation]
 16903 | Lair:5   | Lost mutation: You passively map a small area around you. [potion of mutation]
 16903 | Lair:5   | Lost mutation: You are dopey. (Int -2) [potion of mutation]
 16903 | Lair:5   | Lost mutation: You are resistant to hostile enchantments. (MR+) [potion of mutation]
 16903 | Lair:5   | Lost mutation: You are weak. (Str -2) [potion of mutation]
 16903 | Lair:5   | Gained mutation: You are dopey. (Int -2) [potion of mutation]
 16903 | Lair:5   | Gained mutation: You have supernaturally acute eyesight. (SInv) [potion of mutation]
 16903 | Lair:5   | Lost mutation: You are dopey. (Int -2) [potion of mutation]
 17022 | Snake:1  | Entered Level 1 of the Snake Pit
 17106 | Snake:1  | Found Usozotsa's Gadget Shop.
 18205 | Snake:2  | Reached skill level 13 in Staves
 18300 | Snake:2  | Gained mutation: You are mostly covered in sharp spines. [demonic ancestry]
 18300 | Snake:2  | Reached XP level 14. HP: 92/109 MP: 12/14
 18560 | Snake:2  | Reached skill level 10 in Fighting
 18883 | Snake:2  | Reached skill level 10 in Dodging
 19936 | Snake:3  | Noticed a nagaraja
 21022 | Snake:3  | HP: 1/111 [naga warrior/splash of poison (10)]
 21509 | Snake:3  | Reached skill level 14 in Staves
 21750 | Snake:3  | Reached skill level 1 in Evocations
 21778 | Snake:3  | Killed a nagaraja
 22094 | Snake:4  | Entered Level 4 of the Snake Pit
 22192 | Snake:4  | Gained mutation: Your magical and physical power is slightly enhanced at high health. [demonic ancestry]
 22192 | Snake:4  | Reached XP level 15. HP: 118/118 MP: 15/15
 23646 | Snake:4  | Noticed a nagaraja
 24312 | Snake:4  | Killed a nagaraja
 24449 | Snake:4  | Noticed a nagaraja
 24472 | Snake:4  | Killed a nagaraja
 25555 | Snake:4  | Noticed a nagaraja
 26038 | Snake:4  | Noticed a nagaraja
 26092 | Snake:4  | Killed a nagaraja
 26114 | Snake:4  | Reached skill level 1 in Throwing
 26546 | Snake:4  | Noticed a nagaraja
 26563 | Snake:4  | Killed a nagaraja
 26642 | Snake:4  | Gained mutation: You have razor-sharp toenails. [demonic ancestry]
 26642 | Snake:4  | Reached XP level 16. HP: 22/129 MP: 4/18
 28137 | Snake:4  | Got a serpentine rune of Zot
 28433 | Shoals:1 | Entered Level 1 of the Shoals
 28447 | Shoals:1 | Reached skill level 15 in Staves
 29285 | Shoals:2 | Identified the +7 flail of the Radish {flame, +Inv Dex+3}
 29521 | Shoals:2 | Identified the +4 hand crossbow "Odocijoquo" {elec, rPois Str+3}
 29550 | Shoals:2 | Noticed gagarinx's ghost (adept MiFi)
 29571 | Shoals:2 | Killed gagarinx's ghost
 31502 | Shoals:4 | Entered Level 4 of the Shoals
 31555 | Shoals:4 | Found a flickering gateway to a bazaar.
 31581 | Shoals:4 | Reached XP level 17. HP: 55/139 MP: 11/19
 31584 | Bazaar   | Entered a bazaar
 31899 | Bazaar   | Found Fuwuli's Antique Weapon Shoppe.
 31912 | Bazaar   | Found Runtinuj's Antique Weapon Emporium.
 31927 | Bazaar   | Found Peic's Antique Armour Emporium.
 31932 | Bazaar   | Bought a shiny shield for 142 gold pieces
 31938 | Bazaar   | Found Imegouc's Antique Armour Shoppe.
 31943 | Bazaar   | Bought a pair of glowing gloves for 232 gold pieces
 31943 | Bazaar   | Bought a bloodstained plate armour for 868 gold pieces
 31943 | Bazaar   | Identified the cursed +0 plate armour of Leapfrog {rC+ Regen+ Int-4} (You bought it in a shop in a bazaar)
 32548 | Shoals:4 | Identified the +1 robe of Joy {rPois rF+++ Str-2 Slay+5}
 32955 | Shoals:4 | Noticed Ilsuiw
 32973 | Shoals:4 | Killed Ilsuiw
 32998 | Shoals:4 | Killed from afar by a merfolk aquamancer

Skill      XL: |  1  2  3  4  5  6  7  8  9 10 11 12 13 14 15 16 |
---------------+-------------------------------------------------+-----
Armour         | 3 4 5 7 8 9 10 11 12 13 | 13.4
Axes           | 2 3 4 5 6 |  6.1
Shields        | 3 4 5 |  5.0
Dodging        | 1 2 3 4 6 7 8 9 10 11 12 | 12.9
Stealth        | 1 |  1.1
Fighting       | 4 5 6 7 8 9 11 12 14 | 14.4
Long Blades    | 1 |  1.9
Staves         | 1 5 7 10 11 13 14 15 | 15.7
Short Blades   | 1 |  1.0
Evocations     | 1 3 |  3.8
Throwing       | 1 |  1.4

Action                   |  1- 3 |  4- 6 |  7- 9 | 10-12 | 13-15 | 16-18 || total
-------------------------+-------+-------+-------+-------+-------+-------++-------
Melee: War axe           |    97 |   165 |   137 |       |       |       ||   399
       Quarterstaff      |       |       |   103 |   608 |  1046 |   639 ||  2396
       Short sword       |       |       |    16 |       |       |       ||    16
       Falchion          |       |       |    15 |       |       |       ||    15
       Kick              |       |       |    20 |   216 |   105 |       ||   341
       Headbutt          |       |       |       |       |   212 |   135 ||   347
Throw: Javelin           |       |       |       |       |     8 |     5 ||    13
Invok: Curse Item        |       |       |     2 |     2 |     4 |       ||     8
Evoke: Wand              |       |       |       |       |    33 |       ||    33
  Use: Scroll            |       |     1 |     8 |     6 |    17 |     6 ||    38
       Potion            |       |       |     1 |     2 |    20 |     5 ||    28
 Stab: Distracted        |       |     1 |     1 |     5 |     8 |       ||    15
       Paralysed         |       |       |       |     9 |    12 |     4 ||    25
       Confused          |       |       |       |     1 |     1 |     2 ||     4
       Petrifying        |       |       |       |       |     5 |     4 ||     9
       Petrified         |       |       |       |       |     1 |     1 ||     2
  Eat: Chunk             |       |     9 |    14 |    15 |    10 |    13 ||    61
       Bread ration      |       |       |       |     2 |     1 |       ||     3
       Meat ration       |       |       |       |       |     5 |     1 ||     6
Armor: Scale mail        |    52 |    42 |    78 |    43 |       |       ||   215
       Plate armour      |       |       |       |   132 |    60 |       ||   192
       Chain mail        |       |       |       |       |   251 |   225 ||   476
Dodge: Dodged            |    48 |    46 |   135 |   327 |   554 |   451 ||  1561
       Deflected         |       |       |       |     6 |   116 |    50 ||   172
Block: Shield            |    65 |    65 |    89 |       |       |       ||   219
       Rpst.: Falchion   |       |       |     2 |       |       |       ||     2
